 Dungeon Crawl Stone Soup version 0.18.1-6-gd335043 (webtiles) character file.

64452 Romlok the Grand Gadgeteer (level 14, 70/70 HPs)
             Began as a Felid Warper on May 16, 2016.
             Was the Champion of Pakellas.
             Quit the game on level 6 of the Lair of Beasts on May 18, 2016.
             The game lasted 07:51:07 (52164 turns).

Romlok the Grand Gadgeteer (Felid Warper)          Turns: 52164, Time: 07:51:08

Health: 70/70      AC:  3    Str: 12    XL:     14   Next: 71%
Magic:  15/26      EV: 30    Int: 15    God:    Pakellas [******]
Gold:   2300       SH:  0    Dex: 21    Spells: 5 memorised, 9 levels left
                                        Lives:  2   Deaths: 2

rFire  + . .     SeeInvis +       - Unarmed
rCold  + . .     Gourm    .     (armour unavailable)
rNeg   . . .     Faith    .     (shield unavailable)
rPois  +         Spirit   .     (helmet unavailable)
rElec  .         Dismiss  .     (cloak unavailable)
rCorr  .         Reflect  .     (gloves unavailable)
SustAt .         Harm     .     (boots unavailable)
MR     ++...     Clarity  +     (no amulet)
Stlth  ++++++++..               K - ring of poison resistance
                                g - ring "Dinilu" {*Contam rF+ Str+2 Dex+4 Stlth+}

@: repel missiles, drained, quick, very resistant to hostile enchantments,
extraordinarily stealthy
A: no armour, no weapons or thrown items, claws 1, fangs 3, see invisible,
carnivore 3, clarity, speed 1, shaggy fur 3, slow metabolism 1, sharp paws
a: Quick Charge, Device Surge, Supercharge, Renounce Religion


You were on level 6 of the Lair of Beasts.
You worshipped Pakellas.
Pakellas was exalted by your worship.
You were very full.

You visited 6 branches of the dungeon, and saw 27 of its levels.
You also visited: Labyrinth, Bailey and Ice Cave.

You collected 2902 gold pieces.
You spent 602 gold pieces at shops.

Inventory:

Jewellery
 g - the ring "Dinilu" (left paw) {*Contam rF+ Str+2 Dex+4 Stlth+}
   (You found it in an ice cave)

   [ring of stealth]

   It affects your strength (+2).
   It affects your dexterity (+4).
   It protects you from fire.
   It causes magical contamination when unequipped.
   It makes you more stealthy.
 j - an uncursed ring of protection from cold
 o - the ring "Kuung" {rF+ Int+3}
   (You found it in a labyrinth)

   [ring of protection from fire]

   It affects your intelligence (+3).
   It protects you from fire.
 r - an uncursed ring of protection from magic
 K - a ring of poison resistance (right paw)
 Y - the ring "Hunupp" {Ice rElec}
   (You found it on level 3 of the Lair of Beasts)

   [ring of ice]

   It enhances your ice magic, and weakens your fire magic.
   It makes you vulnerable to fire.
   It protects you from cold.
   It insulates you from electricity.
Wands
 b - a wand of paralysis (10/24)
 k - a wand of flame (21/48)
 l - a wand of enslavement (8/24)
 n - a wand of digging (16/24)
 p - a wand of digging (12/24)
 w - a wand of lightning (10/15)
 x - a wand of polymorph (14/24)
 z - a wand of heal wounds (3/9)
 A - a wand of acid (5/15)
 D - a wand of polymorph (4/24)
 H - a wand of iceblast (7/15)
 M - a wand of disintegration (16/24)
 Z - a wand of slowing (18/48)
Scrolls
 d - 8 scrolls of identify
 f - 9 scrolls of remove curse
 i - 4 scrolls of fear
 t - 2 scrolls of fog
 I - 2 scrolls of teleportation
 W - a scroll of blinking
Potions
 a - a potion of magic
 e - a potion of flight
 q - 2 potions of heal wounds
 s - 2 potions of resistance
 u - 7 potions of curing
 B - a potion of haste
 F - a potion of cancellation
Miscellaneous
 N - a phial of floods
 T - a fan of gales
 U - a phantom mirror
 V - a stone of tremors
Comestibles
 c - 9 meat rations
 h - 3 slices of pizza


   Skills:
 - Level 13.2(12.3) Fighting
 - Level 12.1(11.2) Dodging
 - Level 13.5(12.6) Stealth
 + Level 13.5(12.6) Unarmed Combat
 - Level 2.0(1.3) Spellcasting
 - Level 6.0(5.3) Charms
 - Level 6.0(5.3) Translocations
 - Level 4.0(3.4) Air Magic
 * Level 14.7(13.8) Evocations


You had 9 spell levels left.
You knew the following spells:

 Your Spells              Type           Power        Failure   Level  Hunger
a - Magic Dart            Conj           #...         28%         1    ##.....
b - Blink                 Tloc           N/A          4%          2    ###....
c - Shroud of Golubria    Chrm/Tloc      ###.......   4%          2    ###....
d - Repel Missiles        Chrm/Air       ##....       8%          2    ###....
g - Apportation           Tloc           ###.......   2%          1    ##.....


Dungeon Overview and Level Annotations

Branches:
Dungeon (14/15)            Temple (1/1) D:6            Lair (8/8) D:10
  Swamp (1/4) Lair:6       Spider (1/4) Lair:6        Slime (0/6) Lair:8
    Orc (2/2) D:9             Elf (0/3) Orc:2        Vaults (0/5) D:13

Altars:
Ashenzari
Cheibriados
Dithmenos
Elyvilon
Fedhas
Gozag
Kikubaaqudgha
Makhleb
Nemelex Xobeh
Okawaru
Pakellas
Qazlal
Ru
Sif Muna
Trog
Vehumet
Xom
Yredelemnul
Zin
The Shining One
Beogh

Shops:
D:4 [   D:5 *   D:6 :   D:8 (   D:13 [   Orc:1 (}   Orc:2 !**(

Annotations:
Lair:3 Gastronok
Lair:7 flopdemafkees's ghost, journeyman TeWz
Lair:8 exclusions: catoblepas and death yak
Spider:1 exclusion: emperor scorpion


Innate Abilities, Weirdness & Mutations

You cannot wear armour.
You are incapable of wielding weapons or throwing items.
You have sharp claws.
You have razor-sharp teeth.
You have supernaturally acute eyesight.
You are carnivorous and can eat meat at any time.
You cover ground quickly.
Your thick and shaggy fur keeps you warm (AC +3, rC+).
You have a slow metabolism.
Your sharp claws are effective at attacking unaware monsters.
You possess an exceptional clarity of mind.


Message History

You destroy the vampire mosquito!
Pakellas accepts your kill.
You see here a vampire mosquito corpse.
Things that are here:
a scale mail; a vampire mosquito corpse You barely miss the ghost crab.
Your claw misses the ghost crab.
The ghost crab completely misses you. x2
You barely miss the ghost crab. The ghost crab bites you!
You feel drained. The ghost crab claws you!
You feel drained.
There is a staircase back to the Lair here.
You climb upwards.
Welcome back to the Lair of Beasts!
There is a staircase to the Swamp here.
You start resting.
HP restored.
Save game and exit?
Welcome back, Romlok the Felid Warper.
Pakellas says: No one tells a god not to play god!
Press ? for a list of commands and other information.
You can't grasp things well enough to throw them.
Are you sure you want to abandon this character and quit the game? (Confirm with "yes".)

..........###P.....##
...................##
....................#
...................##
...................#
...............§§§.##
...............§§§.P##
#+.#............§§..P#
#.##P........#.§@§<###
..P....##.......§§.§#
........#....§#§§#§##
[...#..##......§.§.P##
.......##....§.§.....#
.......###....##....##
....#...###...####.##
...#...#.P##..####.#
............<......##


There were no monsters in sight!

Vanquished Creatures
  A fire giant (D:13)
  A very ugly thing (D:14)
  Nessos (Lair:6)
  Snorg (D:12)
  A minotaur (Lab)
  2 entropy weavers (Spider:1)
  2 ice dragons (IceCv)
  Erolcha (Orc:1)
  4 ogre magi (Orc:2)
  3 hydras
  A centaur warrior (D:13)
  The ghost of Herrn the Destroyer, a journeyman OpFE of Vehumet (IceCv)
  2 dancing weapons (D:13)
  A death knight (D:14)
  Urug (D:11)
  A swamp dragon (Spider:1)
  5 hill giants
  Pikel (D:7)
  An orb spider (Spider:1)
  A deep elf mage (D:13)
  2 ugly things
  A cyclops (D:11)
  8 wolf spiders (Spider:1)
  A manticore (D:13)
  3 black mambas
  2 ice statues (IceCv)
  A gargoyle (D:11)
  9 elephants
  A rime drake (Lair:4)
  A spiny frog (shapeshifter) (D:13)
  16 spiny frogs
  An efreet (D:13)
  A rime drake (shapeshifter) (D:13)
  13 komodo dragons
  2 demonic crawlers (Spider:1)
  4 trolls
  A two-headed ogre (shapeshifter) (D:13)
  A polar bear (Lair:5)
  8 jumping spiders (Spider:1)
  18 two-headed ogres
  23 blink frogs
  Sigmund (D:3)
  10 tarantellas (Spider:1)
  A wraith (D:11)
  15 redbacks
  31 yaks
  A vampire (D:14)
  3 wyverns
  9 hippogriffs
  3 basilisks
  A steam dragon (D:10)
  3 vampire mosquitoes (Swamp:1)
  A hungry ghost (D:11)
  A mottled dragon (D:11)
  3 wargs (Orc:2)
  17 water moccasins
  9 porcupines
  23 orc warriors
  An eye of draining (D:12)
  A swamp drake (Lair:6)
  18 ice beasts
  4 black bears
  2 necrophages
  7 sky beasts
  A slave (D:7)
  3 phantoms
  36 ogres
  16 wolves
  19 crocodiles
  18 centaurs
  3 big kobolds
  23 giant frogs
  A gnoll sergeant (D:10)
  A wyvern zombie (D:9)
  2 scorpions
  A water moccasin skeleton (D:9)
  11 killer bees
  11 wights
  5 howler monkeys
  2 electric eels (D:10)
  4 crimson imps
  2 giant frog zombies
  4 quasits
  A jelly (D:11)
  21 orc priests
  8 hounds
  2 giant frog skeletons
  6 centaur skeletons
  13 iguanas
  31 orc wizards
  10 worker ants
  30 sheep
  3 hound skeletons
  A worker ant zombie (D:9)
  9 gnolls
  2 howler monkey skeletons (D:7)
  Robin (D:3)
  28 river rats
  14 adders
  3 shadow imps
  2 oozes
  An adder zombie (D:5)
  2 adder skeletons
  8 worms
  2 dart slugs (D:1)
  2 giant geckos
  119 orcs
  5 bats
  7 giant cockroaches
  11 hobgoblins
  11 jackals
  6 quokkas
  A ball python (D:1)
  A giant cockroach zombie (D:6)
  5 giant newts
  16 goblins
  24 kobolds
  A quokka zombie (D:8)
  A rat (D:1)
  5 bushes (Lair:4)
  3 fungi
  3 plants
896 creatures vanquished.

Vanquished Creatures (collateral kills)
  An orb spider (Spider:1)
  3 jumping spiders (Spider:1)
  A two-headed ogre (Orc:2)
  A redback (Spider:1)
  A centaur (Bailey)
  An orc warrior (Bailey)
  2 ogres (Orc:2)
  4 orcs (Bailey)
  2 jackals (D:5)
16 creatures vanquished.

Vanquished Creatures (others)
  A wolf spider (Spider:1)
  A centaur (Bailey)
  An ogre (Orc:2)
  An orc wizard (D:7)
  A giant gecko (D:1)
  A quokka (D:9)
  A bush (Lair:5)
  32 fungi
  34 plants
73 creatures vanquished.

Grand Total: 985 creatures vanquished

Notes
Turn   | Place    | Note
--------------------------------------------------------------
     0 | D:1      | Romlok the Felid Warper began the quest for the Orb.
     0 | D:1      | Reached XP level 1. HP: 9/9 MP: 4/4
   598 | D:1      | Reached XP level 2. HP: 13/13 MP: 6/6
   829 | D:2      | Learned a level 2 spell: Blink
   832 | D:2      | Learned a level 2 spell: Shroud of Golubria
  1082 | D:1      | You fall through a shaft!
  1382 | D:2      | Reached XP level 3. HP: 16/16 MP: 7/7
  2201 | D:2      | Reached XP level 4. HP: 21/21 MP: 8/8
  3850 | D:3      | Reached XP level 5. HP: 25/25 MP: 4/9
  3873 | D:3      | Noticed Robin
  4451 | D:3      | Noticed Sigmund
  4775 | D:4      | Found a shattered altar of Ashenzari.
  4887 | D:4      | Found Duilan's Armour Boutique.
  4920 | D:4      | Noticed an ogre
  5128 | D:4      | Gained mutation: You are covered in thick fur (AC +2). [Felid growth]
  5128 | D:4      | Reached XP level 6. HP: 18/29 MP: 8/10
  5849 | D:5      | Entered Level 5 of the Dungeon
  5850 | D:5      | Found Zeynuon's Assorted Antiques.
  5869 | D:5      | Bought a scroll labeled ILYPRO KIOPTAO for 22 gold pieces
  5869 | D:5      | Bought a dented peridot amulet for 110 gold pieces
  5917 | D:5      | Found a shimmering altar of Xom.
  5930 | D:5      | Found an opulent altar of Gozag.
  5935 | D:5      | Found a basalt altar of Yredelemnul.
  6100 | D:5      | Reached skill level 5 in Unarmed Combat
  6106 | D:5      | Found a snail-covered altar of Cheibriados.
  6203 | D:5      | Reached XP level 7. HP: 30/33 MP: 9/11
  6349 | D:5      | Reached skill level 5 in Stealth
  6367 | D:5      | Reached skill level 5 in Fighting
  7459 | D:6      | Found a staircase to the Ecumenical Temple.
  7475 | Temple   | Entered the Ecumenical Temple
  7721 | Temple   | Became a worshipper of Pakellas the Inventive
  7830 | D:6      | Found Kibbiom's Book Boutique.
  8095 | D:6      | Reached XP level 8. HP: 35/38 MP: 5/12
  8762 | D:7      | Found a shimmering altar of Xom.
  9409 | D:7      | Reached * piety under Pakellas
  9409 | D:7      | Received a gift from Pakellas
 10105 | D:7      | Reached skill level 5 in Dodging
 10617 | D:5      | Bought a runed opal ring for 110 gold pieces
 10756 | D:8      | Found an ancient bone altar of Kikubaaqudgha.
 11044 | D:8      | Found Athiob's Antique Weapon Emporium.
 11089 | D:8      | Reached XP level 9. HP: 43/43 MP: 10/13
 11925 | D:9      | Reached ** piety under Pakellas
 11925 | D:9      | Received a gift from Pakellas
 12185 | D:9      | Found a staircase to the Orcish Mines.
 12217 | D:9      | Found a white marble altar of Elyvilon.
 12262 | D:9      | Found a blossoming altar of Fedhas.
 12886 | D:9      | Noticed a white ugly thing
 13897 | D:9      | Reached skill level 1 in Charms
 14032 | D:9      | Reached skill level 1 in Evocations
 14492 | D:8      | HP: 2/44 [centaur/arrow (16)]
 15151 | D:8      | HP: 2/45 [centaur/arrow (6)]
 15555 | D:8      | Reached skill level 5 in Translocations
 16303 | D:9      | HP: 2/45 [vampire (13)]
 16630 | D:8      | Reached XP level 10. HP: 44/49 MP: 14/14
 16684 | D:9      | Reached skill level 2 in Evocations
 17042 | D:9      | Reached *** piety under Pakellas
 17042 | D:9      | Received a gift from Pakellas
 17249 | D:9      | Found a roughly hewn altar of Beogh.
 17784 | D:9      | Reached skill level 3 in Evocations
 18606 | D:10     | Entered Level 10 of the Dungeon
 18629 | D:10     | Reached skill level 4 in Evocations
 18845 | D:10     | Found a staircase to the Lair.
 19241 | D:10     | Noticed a hill giant
 19453 | D:10     | Reached **** piety under Pakellas
 19453 | D:10     | Received a gift from Pakellas
 19820 | D:10     | Noticed a hill giant
 19982 | D:10     | Reached skill level 10 in Unarmed Combat
 20028 | D:10     | Reached skill level 5 in Evocations
 20429 | D:10     | Reached XP level 11. HP: 46/54 MP: 7/15
 22388 | D:10     | Reached skill level 10 in Fighting
 22716 | D:10     | Killed a hill giant
 22716 | D:10     | Reached skill level 6 in Evocations
 23465 | D:9      | Noticed a fire giant
 23766 | D:9      | Killed from afar by a fire giant
 23767 | D:9      | Reached XP level 10. HP: -5/51 MP: 1/15
 23961 | D:11     | Noticed a gargoyle
 23965 | D:11     | Killed a gargoyle
 23986 | D:11     | Found a blossoming altar of Fedhas.
 24122 | D:11     | Reached skill level 7 in Evocations
 24639 | D:11     | Noticed a red ugly thing
 24680 | D:11     | Noticed Urug
 24890 | D:11     | Killed Urug
 24900 | D:11     | Killed a red ugly thing
 24958 | D:11     | Reached skill level 8 in Evocations
 25166 | D:12     | Reached XP level 11. HP: 54/54 MP: 2/18
 25202 | D:12     | Reached ***** piety under Pakellas
 25202 | D:12     | Received a gift from Pakellas
 25701 | D:12     | Noticed Snorg
 26356 | D:11     | Reached skill level 10 in Stealth
 26451 | D:11     | Reached skill level 9 in Evocations
 26949 | D:12     | Noticed a hill giant
 26962 | D:12     | Killed a hill giant
 26980 | D:12     | Killed Snorg
 27085 | D:12     | Reached skill level 10 in Dodging
 27210 | D:13     | Found Ibaonnyf's Armour Shoppe.
 27573 | D:13     | Reached skill level 10 in Evocations
 27593 | D:13     | Found a gate to the Vaults.
 27593 | D:13     | Noticed an enchanted long sword
 27695 | Lair:1   | Entered Level 1 of the Lair of Beasts
 28300 | Lair:1   | Learned a level 2 spell: Repel Missiles
 28302 | Lair:1   | Learned a level 1 spell: Magic Dart
 28995 | Lair:2   | Found a labyrinth entrance.
 29095 | Lab      | Entered a labyrinth
 29490 | Lab      | Noticed a minotaur
 29496 | Lab      | Killed a minotaur
 29498 | Lab      | Got a fine amber ring
 29500 | Lab      | Got a heavily runed wooden ring
 29501 | Lab      | Got a slimy long sword
 29519 | Lair:2   | Identified the ring "Tess" {*Corrode rElec rF+ AC+1 Dex+3} (You took it off a minotaur in a labyrinth)
 29520 | Lair:2   | Identified the ring "Kuung" {rF+ Int+3} (You found it in a labyrinth)
 29648 | Lair:2   | Gained mutation: Your thick and shaggy fur keeps you warm (AC +3, rC+). [Felid growth]
 29648 | Lair:2   | Reached XP level 12. HP: 58/58 MP: 10/20
 29652 | Lair:2   | Reached skill level 5 in Charms
 29764 | Lair:2   | Noticed a five-headed hydra
 29888 | Lair:2   | Identified a scroll of acquirement
 31122 | Lair:3   | Reached skill level 11 in Evocations
 31710 | Lair:3   | Noticed Gastronok
 31710 | Lair:3   | Noticed a four-headed hydra
 32254 | Lair:3   | Got a scorched brass ring
 32281 | Lair:3   | Identified the ring "Hunupp" {Ice rElec} (You found it on level 3 of the Lair of Beasts)
 32478 | Lair:4   | Reached ****** piety under Pakellas
 33599 | Lair:5   | Noticed a six-headed hydra
 33836 | Lair:5   | Reached skill level 1 in Air Magic
 34510 | Lair:5   | Killed a six-headed hydra
 35206 | Lair:5   | Noticed a five-headed hydra
 35244 | Lair:5   | Killed a five-headed hydra
 35244 | Lair:5   | Reached XP level 13. HP: 63/63 MP: 22/22
 35328 | Lair:6   | Found a staircase to the Swamp.
 35825 | Lair:6   | Noticed Nessos
 35837 | Lair:6   | Killed Nessos
 36205 | Lair:6   | Found a hole to the Spider Nest.
 36480 | Lair:7   | Noticed flopdemafkees's ghost (journeyman TeWz)
 36804 | Lair:7   | You fall through a shaft!
 36804 | Lair:8   | Entered Level 8 of the Lair of Beasts
 36981 | Lair:8   | Found a frozen archway.
 37011 | IceCv    | Entered an ice cave
 37610 | IceCv    | Reached skill level 12 in Evocations
 37840 | IceCv    | Noticed Herrn's ghost (journeyman OpFE)
 38158 | IceCv    | Got a heavily runed wooden ring
 38160 | IceCv    | Identified the ring "Dinilu" {*Contam rF+ Str+2 Dex+4 Stlth+} (You found it in an ice cave)
 38179 | IceCv    | Killed Herrn's ghost
 39545 | Lair:8   | Found a staircase to the Slime Pits.
 39703 | Lair:8   | Slain by a komodo dragon
 39704 | Lair:8   | Reached XP level 12. HP: -2/61 MP: 17/22
 40289 | Lair:8   | Reached XP level 13. HP: 62/64 MP: 23/23
 41361 | D:3      | Killed Robin
 41620 | D:3      | Killed Sigmund
 41819 | D:7      | Noticed Pikel
 42001 | D:7      | Killed Pikel
 43381 | D:13     | Found a runed door.
 43412 | D:13     | Noticed a fire giant
 43454 | D:13     | Killed a fire giant
 44503 | D:14     | Noticed a green very ugly thing
 44505 | D:14     | Killed a green very ugly thing
 44561 | D:14     | Gained mutation: You possess an exceptional clarity of mind. [potion of beneficial mutation]
 44813 | Orc:1    | Entered Level 1 of the Orcish Mines
 44997 | Orc:1    | Found Xueshaiv's Antique Weapon Shop.
 45060 | Orc:1    | Found Axzori's Quality Used Wands.
 45123 | Orc:1    | Reached skill level 13 in Evocations
 45137 | Orc:1    | Bought a wand of heal wounds (0/9) for 360 gold pieces
 45255 | Orc:1    | Noticed Erolcha
 45364 | Orc:1    | Found a flagged portal.
 45375 | Bailey   | Entered a bailey
 46870 | Orc:1    | Killed Erolcha
 47325 | Orc:2    | Entered Level 2 of the Orcish Mines
 47361 | Orc:2    | Found a staircase to the Elven Halls.
 47866 | Orc:2    | Found Asikesuc's General Store.
 47866 | Orc:2    | Found Rihim's Distillery.
 47866 | Orc:2    | Found Sunuon's Antique Weapon Emporium.
 47866 | Orc:2    | Found Qiodod's General Store.
 47871 | Orc:2    | Reached XP level 14. HP: 70/70 MP: 15/24
 48995 | Spider:1 | Entered Level 1 of the Spider Nest
 50130 | Spider:1 | Reached skill level 14 in Evocations
 51691 | Spider:1 | Noticed an emperor scorpion
 51913 | Swamp:1  | Entered Level 1 of the Swamp
 52164 | Lair:6   | Quit the game

Skill      XL: |  1  2  3  4  5  6  7  8  9 10 11 12 13 14 |
---------------+-------------------------------------------+-----
Fighting       | 3 4 5 7 8 9 10 11 13 | 13.2
Unarmed Combat | 3 4 5 6 7 8 10 11 12 13 | 13.5
Stealth        | 3 4 6 7 8 9 10 11 13 | 13.5
Dodging        | 5 7 9 10 11 12 | 12.1
Charms         | 2 4 6 |  6.0
Evocations     | 1 8 10 11 13 14 | 14.7
Translocations | 5 6 |  6.0
Air Magic      | 2 4 |  4.0
Spellcasting   | |  2.0

Action                   |  1- 3 |  4- 6 |  7- 9 | 10-12 | 13-15 || total
-------------------------+-------+-------+-------+-------+-------++-------
Melee: Unarmed           |   124 |   225 |   517 |  1478 |  1034 ||  3378
       Bite              |     8 |    14 |    38 |   169 |   125 ||   354
       Punch             |     2 |     5 |    20 |    76 |    72 ||   175
 Cast: Shroud of Golubri |     6 |    30 |    19 |     9 |    13 ||    77
       Apportation       |       |       |     3 |     5 |     5 ||    13
       Blink             |       |       |     6 |     9 |     5 ||    20
       Repel Missiles    |       |       |       |       |     2 ||     2
Invok: Quick Charge      |       |       |       |    13 |    15 ||    28
       Device Surge      |       |       |       |       |     1 ||     1
Evoke: Wand              |       |       |     1 |   112 |   142 ||   255
  Use: Scroll            |     3 |     7 |     8 |    12 |     7 ||    37
       Potion            |     2 |     5 |     7 |     6 |     2 ||    22
 Stab: Sleeping          |     2 |     6 |    26 |    40 |    67 ||   141
       Distracted        |       |     1 |     3 |    12 |    15 ||    31
       Invisible         |       |       |     1 |       |       ||     1
       Paralysed         |       |       |       |    29 |    25 ||    54
  Eat: Chunk             |    10 |    11 |    19 |    57 |    34 ||   131
Armor: Skin              |     8 |     7 |    28 |    44 |    30 ||   117
Dodge: Dodged            |    93 |   130 |   358 |  1011 |   776 ||  2368
       Deflected         |       |       |       |       |     9 ||     9
